XFBL
MONTREAL EXPOS @ SAN FRANCISCO GIANTS
04/28/1982
 
TOP OF THE 1ST
Montreal Expos batting - Pitching for San Francisco Giants : RHP Dan Neumeier
Pitching: RHP Dan Neumeier
Batting: LHB Duane Walker 0-0: Ball
1-0: Ball
2-0: Ball
3-0: Base on Balls
Batting: SHB Garry Templeton 0-0: Called Strike
0-1: Called Strike
0-2: Ball
1-2: Grounds into double play, 5-4-3 (Groundball, 5, EV 103.8 MPH)
Batting: LHB Kirk Gibson 0-0: Called Strike
0-1: Ball
1-1: SINGLE (Flyball, 9S, EV 87.5 MPH)
Batting: RHB Dale Murphy 0-0: Called Strike
0-1: Called Strike
Kirk Gibson steals 2nd, throwing error, E2
Kirk Gibson to third
0-2: Ball
1-2: Ball
2-2: Foul Ball, location: 2F
2-2: Foul Ball, location: 2F
2-2: SINGLE (Groundball, 6MD, EV 103.8 MPH)
Kirk Gibson scores
Batting: RHB Dave Winfield 0-0: Called Strike
0-1: Ground out U3 (Groundball, 34S, EV 70.0 MPH)
Top of the 1st over - 1 run, 2 hits, 1 error, 1 left on base; Montreal 1 - San Francisco 0
BOTTOM OF THE 1ST
San Francisco Giants batting - Pitching for Montreal Expos : LHP Michael Steen
Pitching: LHP Michael Steen
Batting: SHB Kevin Bass 0-0: Ball
1-0: Ground out 6-3 (Groundball, 6, EV 80.6 MPH)
Batting: RHB Dickie Thon 0-0: Called Strike
0-1: Swinging Strike
0-2: Foul Ball, location: 2F
0-2: Ball
1-2: Strikes out looking
Batting: LHB Keith Hernandez 0-0: Ball
1-0: Ball
2-0: Called Strike
2-1: Foul Ball, location: 2F
2-2: Ball
3-2: Base on Balls
Batting: RHB Phil Bailey 0-0: Swinging Strike
0-1: Foul Ball, location: 2F
0-2: Ball
1-2: Strikes out swinging
Bottom of the 1st over - 0 runs, 0 hits, 0 errors, 1 left on base; Montreal 1 - San Francisco 0
TOP OF THE 2ND
Montreal Expos batting - Pitching for San Francisco Giants : RHP Dan Neumeier
Batting: LHB Timnothy Meyer 0-0: Foul Ball, location: 2F
0-1: Ball
1-1: Called Strike
1-2: Fly out, F9 (Line Drive, 9, EV 93.8 MPH)
Batting: LHB Ernesto Quevedo 0-0: Called Strike
0-1: Ball
1-1: Foul Ball, location: 2F
1-2: SINGLE (Line Drive, 8LS, EV 95.0 MPH)
Batting: SHB Biff Pocoroba 0-0: Called Strike
0-1: Foul Ball, location: 2F
0-2: Fielders Choice at 2nd, 3-6 (Groundball, 34, EV 95.0 MPH)
Batting: RHB Michael Steen 0-0: Ball
1-0: Called Strike
1-1: Foul Ball, location: 2F
1-2: Ball
2-2: Ball
3-2: SINGLE (Flyball, 78S, EV 97.5 MPH)
Biff Pocoroba to second
Biff Pocoroba to third
Batting: LHB Duane Walker 0-0: Ball
1-0: Foul Ball, location: 2F
1-1: Ball
2-1: Foul Ball, location: 2F
2-2: Ball
3-2: Base on Balls
Michael Steen to second
Batting: SHB Garry Templeton 0-0: Ball
1-0: Called Strike
1-1: Swinging Strike
1-2: Foul Ball, location: 2F
1-2: Strikes out swinging
Top of the 2nd over - 0 runs, 2 hits, 0 errors, 3 left on base; Montreal 1 - San Francisco 0
BOTTOM OF THE 2ND
San Francisco Giants batting - Pitching for Montreal Expos : LHP Michael Steen
Batting: RHB Don Slaught 0-0: Called Strike
0-1: DOUBLE (Line Drive, 7LM, EV 93.1 MPH)
Batting: RHB Kevin Howard 0-0: Called Strike
0-1: Foul Ball, location: 2F
0-2: Foul Ball, location: 2F
0-2: Ball
1-2: Ball
2-2: SINGLE (Groundball, 34D, EV 96.3 MPH)
Don Slaught to third
Runner from 3rd tries for Home, SAFE, throw by RF to home
Batting: SHB Tyler O'Dell 0-0: Called Strike
0-1: Fielders Choice at 2nd, 6-4 (Groundball, 6, EV 103.8 MPH)
Batting: LHB Doug Frobel 0-0: Ball
1-0: Foul Ball, location: 2F
1-1: Foul Ball, location: 2F
1-2: Ball
2-2: Foul Ball, location: 2F
2-2: Foul Ball, location: 2F
2-2: Strikes out looking
Batting: RHB Dan Neumeier 0-0: Swinging Strike
0-1: Foul Ball, location: 2F
0-2: Ball
1-2: Ball
2-2: Foul Ball, location: 2F
2-2: Strikes out swinging
Bottom of the 2nd over - 1 run, 2 hits, 0 errors, 1 left on base; Montreal 1 - San Francisco 1
TOP OF THE 3RD
Montreal Expos batting - Pitching for San Francisco Giants : RHP Dan Neumeier
Batting: LHB Kirk Gibson 0-0: Called Strike
0-1: SINGLE (Groundball, 4D, EV 93.8 MPH)
Batting: RHB Dale Murphy 0-0: Ball
Kirk Gibson steals 2nd base
1-0: Called Strike
1-1: Ball
2-1: Called Strike
2-2: Foul Ball, location: 2F
2-2: Fly out, F6 (Popup, P, EV 79.4 MPH)
Batting: RHB Dave Winfield 0-0: Called Strike
0-1: Ball
1-1: Fly out, F9 (Flyball, 89XD, EV 75.0 MPH)
Runner from 2nd tags up, SAFE at 3rd, no throw by RF
Batting: LHB Timnothy Meyer 0-0: Ball
1-0: Fly out, F9 (Flyball, 9LD, EV 102.5 MPH)
Top of the 3rd over - 0 runs, 1 hit, 0 errors, 1 left on base; Montreal 1 - San Francisco 1
BOTTOM OF THE 3RD
San Francisco Giants batting - Pitching for Montreal Expos : LHP Michael Steen
Batting: SHB Kevin Bass 0-0: Called Strike
0-1: Foul Ball, location: 2F
0-2: Ball
1-2: Ball
2-2: Ball
3-2: Ground out 3-1 (Groundball, 34, EV 98.8 MPH)
Batting: RHB Dickie Thon 0-0: Called Strike
0-1: Ball
1-1: Ball
2-1: Fly out, F6 (Popup, 15, EV 74.4 MPH)
Batting: LHB Keith Hernandez 0-0: Ball
1-0: Ball
2-0: Called Strike
2-1: Foul Ball, location: 2F
2-2: Ball
3-2: SINGLE (Line Drive, 7LS, EV 91.9 MPH)
Batting: RHB Phil Bailey 0-0: Called Strike
0-1: Swinging Strike
0-2: Ball
1-2: Foul Ball, location: 2F
1-2: Ball
2-2: Fly out, F6 (Popup, 6MS, EV 64.4 MPH)
Bottom of the 3rd over - 0 runs, 1 hit, 0 errors, 1 left on base; Montreal 1 - San Francisco 1
TOP OF THE 4TH
Montreal Expos batting - Pitching for San Francisco Giants : RHP Dan Neumeier
Batting: LHB Ernesto Quevedo 0-0: Ball
1-0: Ball
2-0: Ball
3-0: Called Strike
3-1: Foul Ball, location: 2F
3-2: Ground out 3-1 (Groundball, 23, EV 82.5 MPH)
Batting: SHB Biff Pocoroba 0-0: Ball
1-0: Ball
2-0: Ball
3-0: Called Strike
3-1: Base on Balls
Batting: RHB Michael Steen 0-0: Ball
1-0: Ball
2-0: Bunted foul
2-1: Bunted foul
2-2: Sac Bunt to 13 - play at first, batter OUT! 1-4
Biff Pocoroba to second
Batting: LHB Duane Walker 0-0: SINGLE (Line Drive, 8LS, EV 95.0 MPH)
Biff Pocoroba to third
Runner from 3rd tries for Home, SAFE, throw by CF to home
Batting: SHB Garry Templeton 0-0: Foul Ball, location: 2F
0-1: SINGLE (Line Drive, 9LM, EV 105.0 MPH)
Duane Walker to second
Runner from 2nd tries for 3rd, SAFE, throw by RF made to third
Garry Templeton to second
Batting: LHB Kirk Gibson 0-0: Called Strike
0-1: Fly out, F9 (Flyball, 9LS, EV 81.3 MPH)
Top of the 4th over - 1 run, 2 hits, 0 errors, 2 left on base; Montreal 2 - San Francisco 1
BOTTOM OF THE 4TH
San Francisco Giants batting - Pitching for Montreal Expos : LHP Michael Steen
Batting: RHB Don Slaught 0-0: Foul Ball, location: 2F
0-1: Swinging Strike
0-2: Ball
1-2: Fly out, F8 (Flyball, 8LXD, EV 93.1 MPH)
Batting: RHB Kevin Howard 0-0: Foul Ball, location: 2F
0-1: Ground out 6-3 (Groundball, 6, EV 86.3 MPH)
Batting: SHB Tyler O'Dell 0-0: Swinging Strike
0-1: Ball
1-1: Swinging Strike
1-2: Foul Ball, location: 2F
1-2: Foul Ball, location: 2F
1-2: Ball
2-2: Ball
3-2: Base on Balls
Batting: LHB Doug Frobel 0-0: Foul Ball, location: 2F
0-1: Ball
1-1: Ball
2-1: Foul Ball, location: 2F
2-2: Strikes out swinging
Bottom of the 4th over - 0 runs, 0 hits, 0 errors, 1 left on base; Montreal 2 - San Francisco 1
TOP OF THE 5TH
Montreal Expos batting - Pitching for San Francisco Giants : RHP Dan Neumeier
Batting: RHB Dale Murphy 0-0: Fly out, F7 (Flyball, 78D, EV 80.6 MPH)
Batting: RHB Dave Winfield 0-0: Swinging Strike
0-1: Called Strike
0-2: Ball
1-2: DOUBLE (Line Drive, 89M, EV 96.9 MPH)
Batting: LHB Timnothy Meyer 0-0: Ball
1-0: Ball
2-0: Ground out 4-3 (Groundball, 4MS, EV 90.0 MPH)
Dave Winfield to third
Batting: LHB Ernesto Quevedo 0-0: Ball
1-0: Ball
2-0: Called Strike
2-1: Foul Ball, location: 2F
2-2: Ball
3-2: Fly out, F9 (Line Drive, 9, EV 90.0 MPH)
Top of the 5th over - 0 runs, 1 hit, 0 errors, 1 left on base; Montreal 2 - San Francisco 1
BOTTOM OF THE 5TH
San Francisco Giants batting - Pitching for Montreal Expos : LHP Michael Steen
Batting: RHB Dan Neumeier 0-0: Called Strike
0-1: Ball
1-1: Foul Ball, location: 2F
1-2: Ball
2-2: Strikes out swinging
Batting: SHB Kevin Bass 0-0: Called Strike
0-1: Ground out 6-3 (Groundball, 6, EV 86.9 MPH)
Batting: RHB Dickie Thon 0-0: Ground out U3 (Groundball, 13, EV 81.9 MPH)
Bottom of the 5th over - 0 runs, 0 hits, 0 errors, 0 left on base; Montreal 2 - San Francisco 1
TOP OF THE 6TH
Montreal Expos batting - Pitching for San Francisco Giants : RHP Dan Neumeier
Batting: SHB Biff Pocoroba 0-0: Ball
1-0: Swinging Strike
1-1: Called Strike
1-2: SINGLE (Groundball, 4S, EV 73.8 MPH) (infield hit)
Batting: RHB Michael Steen 0-0: Bunt missed!
0-1: Sac Bunt to 13S - play at first, batter OUT! 1-4
Biff Pocoroba to second
Batting: LHB Duane Walker 0-0: Fly out, F7 (Flyball, 7LM, EV 90.6 MPH)
Batting: SHB Garry Templeton 0-0: Fly out, F9 (Line Drive, 9D, EV 108.8 MPH)
Top of the 6th over - 0 runs, 1 hit, 0 errors, 1 left on base; Montreal 2 - San Francisco 1
BOTTOM OF THE 6TH
San Francisco Giants batting - Pitching for Montreal Expos : LHP Michael Steen
Batting: LHB Keith Hernandez 0-0: Called Strike
0-1: Called Strike
0-2: Strikes out looking
Batting: RHB Phil Bailey 0-0: Called Strike
0-1: Ball
1-1: Ball
2-1: Swinging Strike
2-2: Foul Ball, location: 2F
2-2: Foul Ball, location: 2F
2-2: Ball
3-2: Fly out, F8 (Flyball, 8RXD, EV 105.6 MPH)
Batting: RHB Don Slaught 0-0: Swinging Strike
0-1: Foul Ball, location: 2F
0-2: Ball
1-2: Strikes out swinging
Bottom of the 6th over - 0 runs, 0 hits, 0 errors, 0 left on base; Montreal 2 - San Francisco 1
TOP OF THE 7TH
Montreal Expos batting - Pitching for San Francisco Giants : RHP Dan Neumeier
Batting: LHB Kirk Gibson 0-0: Called Strike
0-1: Ball
1-1: Ball
2-1: Foul Ball, location: 2F
2-2: Strikes out swinging
Batting: RHB Dale Murphy 0-0: Called Strike
0-1: Foul Ball, location: 2F
0-2: Ball
1-2: Ball
2-2: SOLO HOME RUN (Flyball, 7LD, EV 94.4 MPH), Distance : 371 ft
Pitching: RHP Wayne Twitchell
Batting: RHB Dave Winfield 0-0: Ball
1-0: Called Strike
1-1: Ball
2-1: Called Strike
2-2: Foul Ball, location: 2F
2-2: Strikes out swinging
Batting: LHB Timnothy Meyer 0-0: Ground out 5-3 (Groundball, 5L, EV 104.4 MPH)
Top of the 7th over - 1 run, 1 hit, 0 errors, 0 left on base; Montreal 3 - San Francisco 1
BOTTOM OF THE 7TH
San Francisco Giants batting - Pitching for Montreal Expos : LHP Michael Steen
Batting: RHB Kevin Howard 0-0: Ball
1-0: Ball
2-0: Fly out, F7 (Line Drive, 7D, EV 100.0 MPH)
Batting: SHB Tyler O'Dell 0-0: Ball
1-0: Ball
2-0: Swinging Strike
2-1: Foul Ball, location: 2F
2-2: Strikes out swinging
Batting: LHB Doug Frobel 0-0: Ground out 5-3 (Groundball, 56, EV 93.1 MPH)
Bottom of the 7th over - 0 runs, 0 hits, 0 errors, 0 left on base; Montreal 3 - San Francisco 1
TOP OF THE 8TH
Montreal Expos batting - Pitching for San Francisco Giants : RHP Wayne Twitchell
Batting: LHB Ernesto Quevedo 0-0: Ball
1-0: Called Strike
1-1: Foul Ball, location: 2F
1-2: Strikes out swinging
Batting: SHB Biff Pocoroba 0-0: Foul Ball, location: 2F
0-1: Foul Ball, location: 2F
0-2: Ball
1-2: SINGLE (Groundball, 34D, EV 103.8 MPH)
Batting: RHB Michael Steen 0-0: Bunted foul
0-1: Ball
1-1: Bunted foul
1-2: Bunted foul, Strikeout!
Batting: LHB Duane Walker 0-0: Ball
Biff Pocoroba steals 2nd base
1-0: Swinging Strike
1-1: Swinging Strike
1-2: Ball
2-2: Strikes out swinging
Top of the 8th over - 0 runs, 1 hit, 0 errors, 1 left on base; Montreal 3 - San Francisco 1
BOTTOM OF THE 8TH
San Francisco Giants batting - Pitching for Montreal Expos : LHP Michael Steen
Pinch Hitting: LHB Kevin Christensen 0-0: Foul Ball, location: 2F
0-1: Ball
1-1: Ground out 5-3 (Groundball, 5, EV 105.0 MPH)
Batting: SHB Kevin Bass 0-0: Ball
1-0: SINGLE (Line Drive, 7S, EV 100.6 MPH)
Batting: RHB Dickie Thon 0-0: SINGLE (Groundball, 34D, EV 101.3 MPH)
Kevin Bass to second
Runner from 2nd tries for 3rd, SAFE, throw by RF made to third
Batting: LHB Keith Hernandez 0-0: Called Strike
0-1: Ball
1-1: Swinging Strike
1-2: Ball
2-2: Foul Ball, location: 2F
2-2: Strikes out looking
Pitching: RHP Terry Leach
Batting: RHB Phil Bailey 0-0: Called Strike
0-1: Ball
Dickie Thon is caught stealing 2nd base 2-4
Bottom of the 8th over - 0 runs, 2 hits, 0 errors, 1 left on base; Montreal 3 - San Francisco 1
TOP OF THE 9TH
Montreal Expos batting - Pitching for San Francisco Giants : RHP Wayne Twitchell
Pitching: RHP Dan O'Brien
Batting: SHB Garry Templeton 0-0: Called Strike
0-1: SINGLE (Line Drive, 56, EV 94.4 MPH)
Batting: LHB Kirk Gibson 0-0: Foul Ball, location: 2F
0-1: Ball
1-1: Foul Ball, location: 2F
1-2: Foul Ball, location: 2F
1-2: Fielders Choice at 2nd, U6 (Groundball, 4MS, EV 81.3 MPH)
Batting: RHB Dale Murphy 0-0: Foul Ball, location: 2F
0-1: Ball
1-1: Swinging Strike
1-2: Hit by Pitch
Kirk Gibson to second
Batting: RHB Dave Winfield 0-0: Called Strike
0-1: Ball
1-1: Ball
2-1: Foul Ball, location: 2F
2-2: Ball
3-2: Base on Balls
Kirk Gibson to third
Dale Murphy to second
Batting: LHB Timnothy Meyer 0-0: Called Strike
0-1: Ball
1-1: Ball
2-1: Ball
3-1: Called Strike
3-2: Foul Ball, location: 2F
3-2: Strikes out swinging
Batting: LHB Ernesto Quevedo 0-0: Foul Ball, location: 2F
0-1: Swinging Strike
0-2: Foul Ball, location: 2F
0-2: Ground out 4-3 (Groundball, 34, EV 103.1 MPH)
Top of the 9th over - 0 runs, 1 hit, 0 errors, 3 left on base; Montreal 3 - San Francisco 1
BOTTOM OF THE 9TH
San Francisco Giants batting - Pitching for Montreal Expos : RHP Terry Leach
Now at 2B: Alex Ortiz
Now in LF: Guonçalo Fernandes
Now in RF: Luis Sanchez
Batting: RHB Phil Bailey 0-0: Ball
1-0: Ball
2-0: Ball
3-0: Called Strike
3-1: Foul Ball, location: 2F
3-2: Fly out, F6 (Flyball, 6D, EV 88.8 MPH)
Batting: RHB Don Slaught 0-0: Ball
1-0: Fly out, F8 (Flyball, 8RXD, EV 87.5 MPH)
Batting: RHB Kevin Howard 0-0: Called Strike
0-1: Foul Ball, location: 2F
0-2: Ground out 4-3 (Groundball, 4, EV 87.5 MPH)
Bottom of the 9th over - 0 runs, 0 hits, 0 errors, 0 left on base; Montreal 3 - San Francisco 1
Thursday, July 23rd, 2020 - OOTP Baseball 21.5 Build 71